 Dungeon Crawl Stone Soup version 0.18.1-5-g4a78601 (webtiles) character file.

34587 Heskey the Fighter (level 13, -19/113 HPs)
             Began as a Demonspawn Gladiator on May 14, 2016.
             Was the Champion of Okawaru.
             Demolished by a white ugly thing (21 damage)
             ... on level 15 of the Dungeon.
             The game lasted 00:31:54 (15716 turns).

Heskey the Fighter (Demonspawn Gladiator)          Turns: 15716, Time: 00:31:59

Health: -19/113    AC: 19    Str: 21    XL:     13   Next: 43%
Magic:  15/15      EV:  7    Int:  9    God:    Okawaru [******]
Gold:   477        SH: 19    Dex: 23    Spells: 0 memorised, 12 levels left

rFire  + . .     SeeInvis +     x - +3 trident "Jefaumad" {vamp, +Blink rF+}
rCold  . . .     Gourm    .     g - +0 chain mail
rNeg   . . .     Faith    .     v - +2 large shield
rPois  .         Spirit   .     (helmet unavailable)
rElec  .         Dismiss  .     j - +2 cloak
rCorr  +         Reflect  .     O - +0 pair of gloves {Dex+3}
SustAt .         Harm     .     t - +2 pair of boots
MR     .....                    (no amulet)
Stlth  ..........               N - ring of resist corrosion
                                i - +6 ring of dexterity

@: not resistant to hostile enchantments, extremely unstealthy
A: antennae 3, blink, demonic guardian 2, mutation resistance 1, spiny 3
a: Blink, Heroism, Finesse, Renounce Religion, Evoke Blink


You were on level 15 of the Dungeon.
You worshipped Okawaru.
Okawaru was exalted by your worship.
You were not hungry.

You visited 2 branches of the dungeon, and saw 16 of its levels.
You also visited: Ossuary.

You collected 1128 gold pieces.
You spent 651 gold pieces at shops.

Inventory:

Hand Weapons
 x - the +3 trident "Jefaumad" (weapon) {vamp, +Blink rF+}
   (You bought it in a shop on level 13 of the Dungeon)

   It inflicts no extra harm, but heals its wielder somewhat when it strikes a
   living foe.
   It protects you from fire.
   It lets you blink.
 L - the +9 triple crossbow of Okawaru's Fury {velocity, *Confuse rElec Int+2 Dex+2}
   (Okawaru gifted it to you on level 12 of the Dungeon)

   Any bolt fired from it inflicts extra damage.
   It affects your intelligence (+2).
   It affects your dexterity (+2).
   It insulates you from electricity.
   It may confuse you when you take damage.
Missiles
 d - 4 throwing nets (quivered)
Armour
 g - a +0 chain mail (worn)
 j - a +2 cloak (worn)
 q - a +0 shield
 t - a +2 pair of boots (worn)
 v - a +2 large shield (worn)
 E - a +0 pair of boots
 O - a +0 pair of gloves of dexterity (worn)
Jewellery
 i - a +6 ring of dexterity (left hand)
 N - a ring of resist corrosion (right hand)
Wands
 m - a wand of iceblast (8/15)
 p - a wand of teleportation (4/9)
 u - a wand of confusion (14/48)
 z - a wand of iceblast (15/15)
 B - a wand of polymorph (12/24)
 K - a wand of polymorph (7/24)
Scrolls
 e - 3 scrolls of teleportation
 k - 13 scrolls of identify
 n - a scroll of enchant armour
 s - a scroll of enchant weapon
 w - a scroll of magic mapping
 y - 7 scrolls of remove curse
 C - a scroll of fear
 G - 2 scrolls of silence
 M - 2 scrolls of fog
 P - a scroll of brand weapon
 R - a scroll of torment {unknown}
Potions
 b - 7 potions of heal wounds
 h - 3 potions of might
 l - 3 potions of magic
 F - 5 potions of flight
 H - 6 potions of curing
 I - 2 potions of resistance
Books
 J - a book of Power

   Spells                             Type                      Level
   a - Fulminant Prism                Conjuration/Hexes            4
   b - Iskenderun's Mystic Blast      Conjuration                  4
   c - Venom Bolt                     Conjuration/Poison           5
   d - Bolt of Magma                  Conjuration/Fire/Earth       5
   e - Iron Shot                      Conjuration/Earth            6
   f - Orb of Destruction             Conjuration                  7
   g - Spellforged Servitor           Conjuration/Summoning        7
Miscellaneous
 a - a phantom mirror
 c - a phial of floods
Comestibles
 f - 12 bread rations
 o - 3 meat rations
 r - a royal jelly
 A - 2 beef jerkies
 D - 12 fruits
 Q - 2 chunks of flesh


   Skills:
 - Level 14.2 Fighting
 - Level 10.3 Polearms
 - Level 4.0 Crossbows
 - Level 1.7 Throwing
 - Level 9.7 Armour
 - Level 2.6 Dodging
 * Level 8.3 Shields
 - Level 2.7 Invocations


You had 12 spell levels left.
You didn't know any spells.

Dungeon Overview and Level Annotations

Branches:
Dungeon (15/15)            Temple (1/1) D:7            Lair (0/8) D:9
    Orc (0/2) D:9          Vaults (0/5) D:13
 Depths: D:15

Altars:
Ashenzari
Fedhas
Gozag
Kikubaaqudgha
Nemelex Xobeh
Okawaru
Pakellas
Qazlal
Xom
Yredelemnul
Zin
The Shining One
Beogh

Shops:
D:4 *   D:7 (   D:13 (

Annotations:
D:10 1 runed door


Innate Abilities, Weirdness & Mutations

You have a pair of large antennae on your head (SInv).
A demonic guardian rushes to your aid.
You are completely covered in sharp spines.
You can translocate small distances at will.
You are somewhat resistant to further mutation.


Message History

Your ice devil hits the white ugly thing!
Your ice devil freezes the white ugly thing.
The white ugly thing resists.
The white ugly thing dies!
Okawaru accepts your kill.
You block the white ugly thing's attack.
The white ugly thing is struck by your spines.
The white ugly thing headbutts you but does no damage.
You block the centaur warrior's attack.
You are too injured to fight recklessly!
You are too injured to fight recklessly!
Drink which item? (? for menu, Esc to quit)
You feel much better. The white ugly thing bites you!
The white ugly thing freezes you!!
* * * LOW HITPOINT WARNING * * *
The white ugly thing is struck by your spines.
The white ugly thing headbutts you!
* * * LOW HITPOINT WARNING * * *
The white ugly thing freezes you!!
You die...

##...# #..
##.....###..u
##..........####
#...............
##.....$.........
#................
#.......u4c......
#.......@u......
#..............
#..............
##............. .
#............. ...
##.#.........##
...##..###########
.........##
..........##


You could see 2 ugly things, a centaur warrior and a friendly ice devil.

Vanquished Creatures
  Snorg (D:13)
  A fire dragon (D:15)
  A hydra (D:14)
  2 centaur warriors
  3 unseen horrors
  4 hill giants
  A harpy (shapeshifter) (D:13)
  8 ugly things
  2 cyclopes
  Joseph (D:8)
  A griffon (D:14)
  3 centaur skeletons
  3 kobold demonologists
  A komodo dragon (D:15)
  2 trolls (D:9)
  5 slime creatures
  A spriggan (D:13)
  A vampire (D:13)
  A water elemental (D:14)
  A wraith (D:11)
  Sigmund (D:5)
  10 yaks
  A wyvern (D:11)
  A vampire mosquito (D:13)
  2 mottled dragons
  4 hippogriffs
  A warg (D:12)
  The ghost of Zhenya25pyc the Skirmisher, an amateur GrFi (D:4)
  Duvessa (D:7)
  3 water moccasins
  4 sky beasts
  2 ice beasts (D:8)
  7 orc warriors
  An eye of draining (D:13)
  2 wasps
  A black bear (D:8)
  9 ogres
  2 necrophages (D:10)
  7 centaurs
  2 crocodiles
  Blork the orc (D:6)
  3 big kobolds
  7 giant frogs
  Dowan (D:7)
  2 wyvern zombies
  A wyvern skeleton (D:13)
  A water moccasin zombie (D:12)
  7 scorpions
  28 killer bees
  5 wights (D:13)
  2 electric eels (D:14)
  11 howler monkeys
  11 crimson imps
  2 jellies
  A centaur zombie (D:8)
  A giant frog zombie (D:12)
  5 hounds
  A gnoll shaman (D:4)
  5 orc priests
  8 orc wizards
  A giant frog skeleton (D:7)
  6 iguanas
  Ijyb (D:2)
  Terence (D:2)
  14 worker ants
  A killer bee zombie (D:5)
  A big kobold zombie (Ossuary)
  2 hound zombies
  8 mummies (Ossuary)
  2 hound skeletons (D:4)
  A howler monkey zombie (D:6)
  Robin (D:3)
  4 gnolls (D:4)
  21 adders
  A howler monkey skeleton (D:9)
  2 river rats (D:9)
  5 shadow imps
  12 white imps (D:11)
  4 oozes
  2 adder skeletons (D:4)
  6 worms
  A dart slug (D:1)
  8 giant geckos
  57 orcs
  9 giant cockroaches
  5 gnoll zombies
  11 goblins
  12 hobgoblins
  15 jackals
  2 quokkas
  A ball python (D:3)
  13 bats
  A giant cockroach zombie (D:6)
  A giant gecko skeleton (D:5)
  3 giant newts
  A hobgoblin zombie (Ossuary)
  A jackal skeleton (D:4)
  28 kobolds
  A kobold zombie (Ossuary)
  2 orc zombies (Ossuary)
  A quokka zombie (D:5)
  17 rats
494 creatures vanquished.

Vanquished Creatures (collateral kills)
  Louise (D:14)
  Erolcha (D:9)
  Josephine (D:13)
  A hydra (D:14)
  An unseen horror (D:10)
  A necromancer (D:13)
  An orc knight (D:12)
  3 hill giants
  6 ugly things
  A centaur zombie (D:14)
  A gargoyle (D:12)
  A two-headed ogre (D:13)
  4 slime creatures (D:12)
  5 yaks
  5 wraiths (D:13)
  A hippogriff (D:13)
  2 vampire mosquitoes (D:13)
  A warg (D:12)
  An orc warrior (D:9)
  A sky beast (D:11)
  A phantom (D:13)
  An ogre (D:6)
  3 centaurs
  A big kobold (D:13)
  A giant frog (D:14)
  A scorpion (D:4)
  2 killer bees (D:10)
  3 howler monkeys (D:7)
  3 electric eels (D:14)
  A crimson imp (D:10)
  A worker ant (D:13)
  A river rat (D:9)
  4 orcs
  A bat (D:9)
  3 kobolds
  2 rats (D:9)
68 creatures vanquished.

Vanquished Creatures (others)
  An orc wizard (D:10)
  17 fungi (D:9)
  18 plants (D:9)
36 creatures vanquished.

Grand Total: 598 creatures vanquished

Notes
Turn   | Place    | Note
--------------------------------------------------------------
     0 | D:1      | Heskey the Demonspawn Gladiator began the quest for the Orb.
     0 | D:1      | Reached XP level 1. HP: 16/16 MP: 1/1
   233 | D:1      | Gained mutation: You are partially covered in sharp spines. [demonic ancestry]
   233 | D:1      | Reached XP level 2. HP: 18/23 MP: 2/2
   530 | D:2      | Gained mutation: You have a pair of small antennae on your head. [demonic ancestry]
   530 | D:2      | Reached XP level 3. HP: 25/28 MP: 3/3
   667 | D:2      | Found a blossoming altar of Fedhas.
   675 | D:2      | Reached skill level 3 in Fighting
   695 | D:2      | Reached skill level 1 in Armour
   746 | D:2      | Noticed Terence
   776 | D:2      | Killed Terence
   776 | D:2      | Gained mutation: You are mostly covered in sharp spines. [demonic ancestry]
   776 | D:2      | Reached XP level 4. HP: 35/35 MP: 4/4
   821 | D:2      | Noticed Ijyb
   828 | D:2      | Killed Ijyb
   847 | D:2      | Found a stormy altar of Qazlal.
   922 | D:2      | Reached skill level 4 in Fighting
  1207 | D:3      | Gained mutation: You have a pair of antennae on your head. [demonic ancestry]
  1207 | D:3      | Reached XP level 5. HP: 42/42 MP: 5/5
  1229 | D:3      | Noticed Robin
  1241 | D:3      | Killed Robin
  2167 | D:4      | Noticed Zhenya25pyc's ghost (amateur GrFi)
  2185 | D:4      | Found Inaano Iliaps's Assorted Antiques.
  2204 | D:4      | Killed Zhenya25pyc's ghost
  2204 | D:4      | Reached skill level 5 in Fighting
  2204 | D:4      | Reached XP level 6. HP: 51/51 MP: 6/6
  2435 | D:4      | Gained mutation: A weak demonic guardian rushes to your aid. [demonic ancestry]
  2435 | D:4      | Reached XP level 7. HP: 52/57 MP: 7/7
  2452 | D:4      | Reached skill level 6 in Fighting
  2530 | D:4      | Found an opulent altar of Gozag.
  2531 | D:4      | Found a glowing silver altar of Zin.
  2601 | D:5      | Entered Level 5 of the Dungeon
  2615 | D:5      | Noticed Sigmund
  2631 | D:5      | Killed Sigmund
  2875 | D:5      | Found a shattered altar of Ashenzari.
  2934 | D:5      | Reached skill level 7 in Fighting
  3070 | D:5      | Gained mutation: You are completely covered in sharp spines. [demonic ancestry]
  3070 | D:5      | Reached XP level 8. HP: 67/67 MP: 8/8
  3234 | D:5      | Found an oddly glowing altar of Pakellas.
  3323 | D:5      | Reached skill level 5 in Polearms
  3447 | D:5      | Found a basalt altar of Yredelemnul.
  3899 | D:6      | Found a sparkling altar of Nemelex Xobeh.
  3964 | D:6      | Noticed Blork the orc
  3970 | D:6      | Killed Blork the orc
  4322 | D:6      | Reached skill level 8 in Fighting
  4723 | D:7      | Gained mutation: You can translocate small distances at will. [potion of mutation]
  4723 | D:7      | Gained mutation: You have a pair of large antennae on your head (SInv). [potion of mutation]
  4723 | D:7      | Gained mutation: You are somewhat resistant to further mutation. [potion of mutation]
  4761 | D:7      | Reached skill level 5 in Armour
  4776 | D:7      | Noticed Duvessa
  4778 | D:7      | Noticed Dowan
  4781 | D:7      | Killed Duvessa
  4781 | D:7      | Reached XP level 9. HP: 69/75 MP: 9/9
  4795 | D:7      | Reached skill level 9 in Fighting
  4798 | D:7      | Killed Dowan
  4965 | D:7      | Found a sand-covered staircase.
  5130 | Ossuary  | Entered an ossuary
  5587 | D:7      | Found Xesog's Weapon Shop.
  5650 | D:7      | Found a staircase to the Ecumenical Temple.
  5661 | Temple   | Entered the Ecumenical Temple
  5682 | Temple   | Became a worshipper of Warmaster Okawaru
  5833 | D:7      | Found an ancient bone altar of Kikubaaqudgha.
  5834 | D:7      | Found a glowing golden altar of the Shining One.
  6246 | D:8      | Noticed Joseph
  6262 | D:8      | Killed Joseph
  6262 | D:8      | Reached skill level 10 in Fighting
  6984 | D:9      | Noticed a troll
  6994 | D:9      | Killed a troll
  6994 | D:9      | Reached * piety under Okawaru
  6994 | D:9      | Gained mutation: A demonic guardian rushes to your aid. [demonic ancestry]
  6994 | D:9      | Reached XP level 10. HP: 55/86 MP: 10/10
  7439 | D:9      | Found a staircase to the Orcish Mines.
  7493 | D:9      | Reached skill level 11 in Fighting
  7502 | D:9      | Noticed Erolcha
  7515 | D:9      | Killed Erolcha
  7515 | D:9      | Reached ** piety under Okawaru
  8030 | D:9      | Found a staircase to the Lair.
  8309 | D:9      | Found a roughly hewn altar of Beogh.
  8507 | D:9      | Reached *** piety under Okawaru
  8634 | D:10     | Entered Level 10 of the Dungeon
  8853 | D:10     | Noticed an unseen horror
  8857 | D:10     | Killed an unseen horror
  8857 | D:10     | Reached **** piety under Okawaru
  8857 | D:10     | Reached skill level 12 in Fighting
  9029 | D:10     | Found a runed door.
  9052 | D:10     | Found a runed door.
  9292 | D:10     | Reached XP level 11. HP: 94/95 MP: 11/11
  9918 | D:11     | Noticed a hill giant
  9959 | D:11     | Killed a hill giant
 10163 | D:11     | Noticed an unseen horror
 10168 | D:11     | Killed an unseen horror
 10170 | D:11     | Reached ***** piety under Okawaru
 10221 | D:11     | Found a frozen archway.
 10604 | D:11     | Noticed an unseen horror
 10609 | D:11     | Killed an unseen horror
 10609 | D:11     | Received a gift from Okawaru
 10994 | D:11     | Reached skill level 13 in Fighting
 11565 | D:12     | Noticed a red ugly thing
 11577 | D:12     | Killed a red ugly thing
 11612 | D:12     | Noticed a purple ugly thing
 11615 | D:12     | Killed a purple ugly thing
 11849 | D:12     | Received a gift from Okawaru
 11883 | D:12     | Got a brightly glowing triple crossbow {god gift}
 11884 | D:12     | Identified the +9 triple crossbow of Okawaru's Fury {velocity, *Confuse rElec Int+2 Dex+2} (Okawaru gifted it to you on level 12 of the Dungeon)
 11894 | D:12     | Noticed an orc knight
 11906 | D:12     | Killed an orc knight
 12239 | D:12     | Reached skill level 1 in Crossbows
 12353 | D:13     | Noticed a harpy
 12354 | D:13     | Noticed Josephine
 12357 | D:13     | Noticed an unseen horror
 12360 | D:13     | Killed a harpy
 12361 | D:13     | Killed an unseen horror
 12361 | D:13     | Reached XP level 12. HP: 88/106 MP: 12/12
 12361 | D:13     | Killed Josephine
 12496 | D:13     | Noticed a centaur warrior
 12503 | D:13     | Killed a centaur warrior
 12770 | D:13     | Reached ****** piety under Okawaru
 12772 | D:13     | HP: 5/106 [hill giant/giant spiked club (2)]
 13115 | D:13     | Received a gift from Okawaru
 13115 | D:13     | Reached skill level 14 in Fighting
 13115 | D:13     | Reached skill level 10 in Polearms
 13188 | D:13     | Found a glowing silver altar of Zin.
 13549 | D:13     | Found Qiovvat's Weapon Boutique.
 13562 | D:13     | Bought the +3 trident "Jefaumad" {vamp, +Blink rF+} for 651 gold pieces
 13635 | D:13     | Found a gate to the Vaults.
 13734 | D:13     | Noticed Snorg
 13741 | D:13     | Killed Snorg
 13741 | D:13     | Reached skill level 1 in Shields
 13741 | D:13     | Reached skill level 1 in Invocations
 14036 | D:14     | Noticed Louise
 14054 | D:14     | Killed Louise
 14500 | D:14     | Noticed an eight-headed hydra
 14506 | D:14     | Killed an eight-headed hydra
 14657 | D:14     | Reached XP level 13. HP: 83/113 MP: 15/15
 14676 | D:14     | Reached skill level 5 in Shields
 15399 | D:15     | Entered Level 15 of the Dungeon
 15427 | D:15     | Received a gift from Okawaru
 15693 | D:15     | Noticed a fire dragon
 15707 | D:15     | Killed a fire dragon
 15714 | D:15     | HP: 4/113 [white ugly thing (32)]
 15716 | D:15     | Demolished by a white ugly thing

Skill      XL: |  1  2  3  4  5  6  7  8  9 10 11 12 13 |
---------------+----------------------------------------+-----
Polearms       | 3 4 5 6 8 9 10 | 10.3
Fighting       | 3 4 5 7 8 10 12 13 14 | 14.2
Armour         | 1 2 3 5 6 7 8 9 |  9.7
Crossbows      | 1 4 |  4.0
Shields        | 4 8 |  8.3
Invocations    | 2 |  2.7
Throwing       | |  1.7
Dodging        | |  2.6

Action                   |  1- 3 |  4- 6 |  7- 9 | 10-12 | 13-15 || total
-------------------------+-------+-------+-------+-------+-------++-------
Melee: Trident           |    87 |   163 |   325 |   529 |   199 ||  1303
       Halberd           |       |       |       |   194 |       ||   194
  Use: Potion            |     6 |       |    13 |     4 |     3 ||    26
       Scroll            |       |     3 |     8 |    12 |       ||    23
 Stab: Distracted        |       |       |     3 |     5 |       ||     8
  Eat: Chunk             |       |     2 |     8 |     7 |     1 ||    18
       Meat ration       |       |     1 |       |     1 |       ||     2
       Bread ration      |       |       |     1 |     4 |       ||     5
       Fruit             |       |       |     1 |       |       ||     1
       Pizza             |       |       |       |       |     1 ||     1
       Beef jerky        |       |       |       |       |     1 ||     1
Armor: Chain mail        |    35 |    52 |    96 |   292 |    35 ||   510
       Leather armour    |     2 |       |       |       |       ||     2
Dodge: Dodged            |    14 |    40 |    88 |   220 |    14 ||   376
Block: Large shield      |       |       |       |    36 |   100 ||   136
       Shield            |       |       |       |    31 |       ||    31
